 Dungeon Crawl Stone Soup version 0.21.1-1-g345015f (webtiles) character file.

970 kae the Insei (level 7, -1/54 HPs)
             Began as a Demonspawn Transmuter on June 11, 2018.
             Splashed by a jelly's acid (8 damage)
             ... on level 5 of the Dungeon.
             The game lasted 00:05:33 (5460 turns).

kae the Insei (Demonspawn Transmuter)               Turns: 5460, Time: 00:05:34

Health: -1/54      AC: -4    Str:  8 (10) XL:     7   Next: 94%
Magic:  11/12      EV: 14    Int: 14      God:
Gold:   270        SH:  0    Dex: 16      Spells: 2/13 levels left

rFire    + . .     SeeInvis .     - Unarmed
rCold    . . .     Gourm    .   (no shield)
rNeg     . . .     Faith    .   b - +1 robe
rPois    .         Spirit   .   (no helmet)
rElec    .         Reflect  .   (no cloak)
rCorr    .         Harm     .   (no gloves)
MR       .....                  (no boots)
Stlth    +.........             (no amulet)
HPRegen  0.18/turn              o - ring of protection from fire
MPRegen  0.13/turn              (no ring)

@: corroded
A: claws 1, rugged brown scales 1, powered by death 2
a: no special abilities


You were on level 5 of the Dungeon.
You were not hungry.

You visited 1 branch of the dungeon, and saw 5 of its levels.

You collected 270 gold pieces.

Inventory:

Missiles
 a - 43 arrows
Armour
 b - a +1 robe (worn)
Jewellery
 o - a ring of protection from fire (left claw)
Wands
 m - a wand of random effects (33)
Scrolls
 f - 4 scrolls of enchant weapon
 g - 2 scrolls of remove curse
 k - a scroll of teleportation
 r - 2 scrolls of fog
Potions
 h - 2 potions of curing
 i - a potion of cancellation
 j - 2 potions of magic
Books
 c - a book of Changes

   Spells                             Type                      Level
   a - Beastly Appendage              Transmutation                1
   b - Sticks to Snakes               Transmutation                2
   c - Spider Form                    Transmutation/Poison         3
   d - Ice Form                       Ice/Transmutation            4
   e - Blade Hands                    Transmutation                5
Comestibles
 d - 9 rations


   Skills:
 + Level 3.8 Fighting
 + Level 3.6 Dodging
 * Level 5.5 Unarmed Combat
 + Level 3.8 Spellcasting
 + Level 3.7 Transmutations


You had 2 spell levels left.
You knew the following spells:

 Your Spells              Type           Power        Failure   Level  Hunger
a - Beastly Appendage     Tmut           ##....       4%          1    None
b - Sticks to Snakes      Tmut           ##......     6%          2    ##.....
c - Spider Form           Tmut/Pois      #.........   26%         3    ###....
d - Blade Hands           Tmut           ##........   75%         5    ######.


Dungeon Overview and Level Annotations

Branches:
Dungeon (5/15)
 Temple: D:4-7

Altars:
Cheibriados
Elyvilon
Hepliaklqana
Kikubaaqudgha
Okawaru
Ru
Xom

Shops:
D:4 %}}(

Annotations:
D:5 Edmund


Innate Abilities, Weirdness & Mutations

You have sharp fingernails.
You are partially covered in rugged brown scales. (AC +1, +3% HP)
You regenerate health from kills.


Message History

The jelly completely misses you.
You hit the jelly.
Your front legs burn!
The jelly is severely wounded.
The jelly barely misses you.
You barely miss the jelly.
The jelly is severely wounded.
The jelly completely misses you.
You hit the jelly.
Your front legs burn!
The jelly is almost dead.
Your transformation has ended.
Your +1 robe unmelds from your body.
The jelly hits you. The acid corrodes you!
You are splashed with acid!
The acid burns!
* * * LOW HITPOINT WARNING * * *
You scratch the jelly. The acid corrodes you!
Your claws burn!
* * * LOW HITPOINT WARNING * * *
The jelly is almost dead.
The jelly hits you.
* * * LOW HITPOINT WARNING * * *
The acid corrodes you!
You are splashed with acid!
The acid burns!
You die...

#...# #...######### ## +#
#...........# ..#.#
#...@######.# ##.#.#
#....#....... ..?..
+...<...>.#.#
##.#.#########...........#
#...##...#...##..........#
#.(.#....@J...###........# #
#............._##........#
#.##.##.........###........#
#.....##...#...## ##########
####.#.#########
#.###......# #...'......#
#..##......# #..##......#


You could see a jelly.

Vanquished Creatures
  The ghost of inc the Changer, an amateur OpTm of Makhleb (D:4)
  2 ice beasts (D:5)
  A bullfrog zombie (D:5)
  A hound (D:4)
  2 orc priests
  Jessica (D:3)
  5 worker ants
  A hound skeleton (D:4)
  Robin (D:2)
  A worker ant zombie (D:5)
  A howler monkey zombie (D:3)
  8 gnolls
  9 adders
  A shadow imp (D:5)
  An ooze (D:1)
  An adder zombie (D:5)
  A dart slug (D:1)
  A worm (D:3)
  2 leopard geckos
  14 orcs
  A ball python (D:3)
  8 giant cockroaches
  6 hobgoblins
  11 jackals
  10 kobolds
  10 bats
  5 frilled lizards
  15 goblins
  A leopard gecko skeleton (D:4)
  A leopard gecko zombie (D:4)
  8 rats
131 creatures vanquished.

Notes
Turn   | Place    | Note
-------+----------+-------------------------------------------
     0 | D:1      | kae the Demonspawn Transmuter began the quest for the Orb.
     0 | D:1      | Reached XP level 1. HP: 15/15 MP: 3/3
   259 | D:1      | Gained mutation: You are partially covered in rugged brown scales. (AC +1, +3% HP) [demonic ancestry]
   259 | D:1      | Reached XP level 2. HP: 1/21 MP: 3/5
   545 | D:1      | Reached skill level 3 in Unarmed Combat
  1093 | D:1      | Gained mutation: You have sharp fingernails. [demonic ancestry]
  1093 | D:1      | Reached XP level 3. HP: 14/26 MP: 3/6
  1425 | D:2      | Found a white marble altar of Elyvilon.
  1567 | D:2      | Found a hazy altar of Hepliaklqana.
  1852 | D:2      | Noticed Robin
  1870 | D:2      | Killed Robin
  1870 | D:2      | Gained mutation: You regenerate a little health from kills. [demonic ancestry]
  1870 | D:2      | Reached XP level 4. HP: 33/33 MP: 7/7
  2700 | D:3      | Noticed Jessica
  2712 | D:3      | Killed Jessica
  2729 | D:3      | Gained mutation: You regenerate health from kills. [demonic ancestry]
  2729 | D:3      | Reached XP level 5. HP: 33/39 MP: 8/8
  2855 | D:3      | Found a faded altar of an unknown god.
  2992 | D:3      | Reached skill level 4 in Unarmed Combat
  3306 | D:3      | Reached XP level 6. HP: 14/47 MP: 10/10
  3530 | D:4      | Noticed inc's ghost (amateur OpTm)
  3662 | D:4      | Found Jule's Antique Weapon Boutique.
  3707 | D:4      | Found a sacrificial altar of Ru.
  3708 | D:4      | Found an iron altar of Okawaru.
  3709 | D:4      | Found a snail-covered altar of Cheibriados.
  3759 | D:4      | Found Yrhenuel's Gadget Shoppe.
  4123 | D:4      | Found Ycvys's Food Shop.
  4165 | D:4      | Found Nusholoz's Gadget Shop.
  4388 | D:5      | Entered Level 5 of the Dungeon
  4401 | D:5      | Reached XP level 7. HP: 35/53 MP: 11/11
  4552 | D:5      | Noticed Edmund
  4695 | D:4      | Killed inc's ghost
  4695 | D:4      | Reached skill level 5 in Unarmed Combat
  4936 | D:5      | Found a shimmering altar of Xom.
  5252 | D:5      | Learned a level 2 spell: Sticks to Snakes
  5256 | D:5      | Learned a level 3 spell: Spider Form
  5262 | D:5      | Learned a level 5 spell: Blade Hands
  5450 | D:5      | Found an ancient bone altar of Kikubaaqudgha.
  5460 | D:5      | Splashed by a jelly's acid

Skill      XL: |  1  2  3  4  5  6  7 |
---------------+----------------------+-----
Dodging        | 2 3 |  3.6
Unarmed Combat | 3 4 5 |  5.5
Transmutations | 2 3 |  3.7
Fighting       | 2 3 |  3.8
Spellcasting   | 3 |  3.8

Action                   |  1- 3 |  4- 6 |  7- 9 || total
-------------------------+-------+-------+-------++-------
Melee: Unarmed           |   128 |   320 |   107 ||   555
       Punch             |     3 |     5 |       ||     8
       Headbutt          |     3 |    15 |       ||    18
       Kick              |     7 |    14 |     2 ||    23
 Cast: Beastly Appendage |    15 |    20 |     1 ||    36
       Spider Form       |       |       |     2 ||     2
  Use: Scroll            |     3 |     6 |     4 ||    13
       Potion            |     1 |     3 |     6 ||    10
 Stab: Sleeping          |     1 |     7 |       ||     8
  Eat: Chunk             |     2 |    10 |     1 ||    13
       Ration            |       |       |     1 ||     1
Armor: Robe              |    30 |    51 |     8 ||    89
Dodge: Dodged            |    94 |   245 |    66 ||   405
